 Dungeon Crawl Stone Soup version 0.28.0-45-g0d030f2227 (webtiles) character file.

Game seed: 18111707361424581235

36 Ablot the Cutter (level 3, -17/35 HPs)
             Began as a Gnoll Chaos Knight on Apr 16, 2022.
             Was a Plaything of Xom.
             Demolished by a guardian serpent (shapeshifter) (19 damage)
             ... on level 2 of the Dungeon.
             The game lasted 00:01:22 (1557 turns).

Ablot the Cutter (Gnoll Chaos Knight)               Turns: 1557, Time: 00:01:23

Health: -17/35     AC:  5    Str: 13    XL:     3   Next: 37%
Magic:  4/4        EV: 12    Int: 11    God:    Xom [..*...]
Gold:   58         SH:  0    Dex: 11    Spells: 3/3 levels left

rFire   . . .      SeeInvis .   a - +0 short sword (chaos)
rCold   . . .      Faith    .   (no shield)
rNeg    . . .      Spirit   .   b - +2 leather armour
rPois   .          Reflect  .   (no helmet)
rElec   .          Harm     .   (no cloak)
rCorr   .          Rampage  .   (no gloves)
Will    .....                   (no boots)
Stlth   +.........              (no amulet)
HPRegen 0.11/turn               (no ring)
MPRegen 0.09/turn               (no ring)

@: no status effects
A: fangs 1, strong nose, distributed training
a: Renounce Religion


You were on level 2 of the Dungeon.
You worshipped Xom.
You were a toy of Xom.
You visited 1 branch of the dungeon, and saw 2 of its levels.

You collected 58 gold pieces.

Inventory:

Hand Weapons
 a - a +0 short sword of chaos (weapon)
Missiles
 c - 32 stones (quivered)
 e - 25 arrows
Armour
 b - a +2 leather armour (worn)
 j - +0 fire dragon scales
Scrolls
 d - a scroll of identify {unknown}
 f - a scroll of summoning {unknown}
 i - a scroll of brand weapon {unknown}
 k - a scroll of enchant weapon {unknown}
Potions
 g - a potion of mutation {unknown}
 h - 2 potions of curing {unknown}


   Skills:
 + Level 6.5 Fighting
 + Level 6.5 Short Blades
 + Level 0.7 Long Blades
 + Level 0.7 Axes
 + Level 0.7 Maces & Flails
 + Level 0.7 Polearms
 + Level 0.7 Staves
 + Level 0.7 Slings
 + Level 0.7 Bows
 + Level 0.7 Crossbows
 + Level 0.7 Throwing
 + Level 4.5 Armour
 + Level 2.6 Dodging
 + Level 0.7 Stealth
 + Level 0.7 Shields
 + Level 0.7 Unarmed Combat
 + Level 0.7 Spellcasting
 + Level 0.5 Conjurations
 + Level 0.5 Hexes
 + Level 0.5 Summonings
 + Level 0.5 Necromancy
 + Level 0.5 Translocations
 + Level 0.5 Transmutations
 + Level 0.5 Fire Magic
 + Level 0.5 Ice Magic
 + Level 0.5 Air Magic
 + Level 0.5 Earth Magic
 + Level 0.5 Poison Magic
 + Level 0.9 Invocations
 + Level 0.7 Evocations


You had 3 spell levels left.
You didn't know any spells.
Your spell library was empty.

Dungeon Overview and Level Annotations

Branches:
Dungeon (2/15)

Altars:


Innate Abilities, Weirdness & Mutations

You have very sharp teeth.
Your uncanny sense of smell can sniff out nearby items.
Your experience applies equally to all skills.


Message History

You see here +0 fire dragon scales. j - +0 fire dragon scales The endoplasm quivers.
The endoplasm barely misses you.
There is an escape hatch in the ceiling here.
You hit the endoplasm. You burn the endoplasm.
You kill the endoplasm!
No target in view!
No target in view!
No target in view!
Found a ring mail.
No target in view!
k - a scroll labelled FIQAFABENG An adder comes into view.
The adder hisses angrily.
You see here a scroll labelled VESKEI SUETI.
You hit the adder.
The adder changes into a shapeshifter!
You bite the shapeshifter.
The shapeshifter is lightly wounded.
You hit the shapeshifter.
The shapeshifter is poisoned.
The shapeshifter is moderately wounded.
The shapeshifter changes into a guardian serpent!
You closely miss the guardian serpent. Your bite misses the guardian serpent.
The guardian serpent closely misses you.
You closely miss the guardian serpent. The guardian serpent hits you.
You closely miss the guardian serpent.
The guardian serpent hits you but does no damage.
You hit the guardian serpent but do no damage.
The guardian serpent hits you!
You miss the guardian serpent. The guardian serpent hits you!!
Ouch! That really hurt!
* * * LOW HITPOINT WARNING * * *
Xom thinks this is hilarious!
The guardian serpent barely misses you.
You hit the guardian serpent but do no damage.
The guardian serpent closely misses you.
You closely miss the guardian serpent. The guardian serpent hits you!!
Ouch! That really hurt!
You die...
Xom snickers!

..# .. #.## ... #.##
#..# .
#######..###########....
...............?@S......
#######.#.###.######....
#.#.# #.# . #.#.# #.#
#.#.. #.# #.##. #.#
#######.# ..#.#
........# #.#.#
........#


You could see a guardian serpent shaped shifter.

Vanquished Creatures
  A dart slug (D:1)
  2 ball pythons (D:1)
  5 bats (D:1)
  3 endoplasms
  3 giant cockroaches (D:1)
  2 hobgoblins (D:1)
  5 jackals
  2 quokkas
  3 goblins
  A kobold (D:1)
  A rat (D:1)
28 creatures vanquished.

Notes
Turn   | Place    | Note
-------+----------+-------------------------------------------
     0 | D:1      | Ablot the Gnoll Chaos Knight began the quest for the Orb.
     0 | D:1      | Reached XP level 1. HP: 23/23 MP: 1/1
   104 | D:1      | Reached XP level 2. HP: 25/29 MP: 2/2
   208 | D:1      | XOM: silly message
   407 | D:1      | XOM: silly message
   716 | D:1      | XOM: silly message
   722 | D:1      | Reached XP level 3. HP: 33/35 MP: 3/3
  1549 | D:2      | Noticed a shapeshifter
  1549 | D:2      | an adder changed into a shapeshifter
  1550 | D:2      | Noticed a guardian serpent
  1550 | D:2      | a shapeshifter changed into a guardian serpent
  1557 | D:2      | Demolished by a guardian serpent (shapeshifter)

Illustrated notes

Levels and vault maps discovered:
D:1:      dpeg_arrival_simpleton_a, layout_basic, roderic_roman_lattice
D:2:      layout_basic, nicolae_figureground_pulse

Action                   || total
-------------------------++-------
Melee: Short sword       ||    97
       Bite              ||     6
       Punch             ||     2
 Stab: Petrifying        ||     1
Armor: Leather armour    ||    53
Dodge: Dodged            ||    58
